 Dungeon Crawl Stone Soup version 0.30.0-10-gfe55d96785 (webtiles) character file.

Game seed: 17262549224861155149

142 LonelyCrow the Slasher (level 5, 0/55 HPs)
             Began as a Human Wanderer on May 14, 2023.
             Succumbed to an orc wizard's poison
             ... on level 3 of the Dungeon on May 15, 2023.
             The game lasted 01:43:05 (2847 turns).

LonelyCrow the Slasher (Human Wanderer)             Turns: 2847, Time: 01:43:05

Health: 0/55       AC: 22    Str: 10 (13) XL:     5   Next: 49%
Magic:  6/6        EV:  2    Int:  8 (9)  God:
Gold:   138        SH:  0    Dex: 15 (17) Spells: 5/6 levels left

rFire   . . .        q - +2 dagger (vamp)
rCold   . . .        (no shield)
rNeg    . . .        t - melded +0 ring mail
rPois   +            c - melded +0 helmet
rElec   .            m - melded +1 cloak {Stlth+}
rCorr   .            (gloves currently unavailable)
SInv    .            (boots currently unavailable)
Will    .....        g - amulet of the acrobat
Stlth   ++           (no ring)
HPRegen 0.29/turn    (no ring)
MPRegen 0.10/turn

%: random rage (3%), acrobat
@: lethally poisoned (0 -> -12), tree-form
A: stationary, stasis, torment immunity, boosted hp, berserk 1
a: no special abilities


You were on level 3 of the Dungeon.
You were a tree.
You visited 1 branch of the dungeon, and saw 3 of its levels.

You collected 194 gold pieces.
You spent 56 gold pieces at shops.

Inventory:

Hand Weapons
 a - a +0 sling
 q - a +2 vampiric dagger (weapon)
Missiles
 f - 2 atropa-tipped darts
 h - a stone (quivered)
Armour
 c - a +0 helmet (melded)
 e - a +0 leather armour
 m - a +1 cloak of stealth (melded)
 t - a +0 ring mail (melded)
Jewellery
 g - an amulet of the acrobat (around neck)
Scrolls
 i - a scroll of vulnerability
 o - a scroll of noise
 p - a scroll of fear
 r - a scroll of amnesia
Potions
 d - a potion of brilliance
 j - 3 potions of flight
 k - a potion of mutation
 n - a potion of invisibility


   Skills:
 + Level 1.0 Fighting
 + Level 1.3(3.2) Short Blades
 + Level 4.6(4.7) Long Blades
 + Level 2.0 Axes
 + Level 0.3 Throwing
 + Level 1.4 Armour
 + Level 3.5 Dodging
 + Level 1.5 Stealth
 + Level 1.2 Spellcasting
 + Level 0.8 Necromancy


You had 5 spell levels left.
You knew the following spells:

 Your Spells              Type           Power      Damage    Failure   Level
a - Necrotise             Necr           4%         1d4       28%         1

Your spell library contained the following spells:

 Spells                   Type           Power      Damage    Failure   Level
 Sublimation of Blood     Necr           1%         N/A       38%         2
 Wereblood                Tmut           0%         N/A       52%         2
 Vampiric Draining        Necr           1%         2d6       63%         3
 Agony                    Necr           1%         N/A       100%        5
 Summon Hydra             Summ           0%         N/A       100%        7


Dungeon Overview and Level Annotations

Branches:
Dungeon (3/15)

Altars:
Yredelemnul
Jiyva

Shops:
D:1 ?


Innate Abilities, Weirdness & Mutations

You are a tree.
Your roots penetrate the ground, keeping you stationary.
You cannot be teleported.
You are immune to unholy pain and torment.
Your maximum health is greatly increased.
Your equipment is partially melded.
You sometimes lose your temper in combat.


Message History

The orc priest casts a cantrip, but nothing happens.
The orc barely misses you.
You hit the orc but do no damage.
The orc is lightly wounded.
A quokka comes into view.
You hit the orc but do no damage.
The orc is lightly wounded.
The orc priest looks encouraged for a moment.
You closely miss something. Your punch misses something.
You barely miss something.
You hear some strange, mumbled words.
Something tries to affect you, but you resist.
You miss something. Something hits you.
You closely miss something. You completely miss something. Something hits you.
You are poisoned.
Really quaff the potion of lignification?
Okay, then.
As you read the scroll of fog, it crumbles to dust.
The scroll dissolves into smoke.
You feel very sick.
The orc priest casts a cantrip, but nothing happens.
Something hits you.
You are more poisoned.
Something hits you but does no damage.
You are lethally poisoned!
You feel extremely sick.
* * * LOW HITPOINT WARNING * * *
You feel very sick.
You hear some strange, mumbled words.
Something tries to affect you, but you resist.
* * * LOW HITPOINT WARNING * * *
You feel very sick.
* * * LOW HITPOINT WARNING * * *
You feel very sick.
Okay, then.
You turn into a tree.
Your +1 cloak of stealth melds into your body.
Your +0 helmet melds into your body.
Your +0 ring mail melds into your body.
You feel less stealthy.
Your roots penetrate the ground.
You die...

.#...###...###...#.#
.#.....#...#.....#.##
..###...###..)###oo§#
.#...#.......#..§#r##
.#...###...###..o#§#
.#...#..#.#..#...#§##
..###...#.#...###{§§#
..#.....#.#.....#§§§#
##...###...###..♣####
....#...#.#...#.....#
..###...#.#...###...#
.#..#...#.#...#..#.##
.#...###...###...#.#
##.....#...#.......#
#.......###...........#
#.####.........########
#. ...#########


There were no monsters in sight!

Vanquished Creatures
  An orc wizard (D:3)
  Terence (D:3)
  2 adders
  A worm (D:2)
  2 dart slugs (D:1)
  6 orcs (D:3)
  2 bats (D:1)
  2 endoplasms
  3 giant cockroaches
  9 hobgoblins
  10 kobolds
  A quokka (D:2)
  4 ball pythons
  2 frilled lizards (D:2)
  7 goblins
  6 rats
59 creatures vanquished.

Notes
Turn   | Place    | Note
-------+----------+-------------------------------------------
     0 | D:1      | LonelyCrow the Human Wanderer began the quest for the Orb.
     0 | D:1      | LonelyCrow set off with the following items: a +2 falchion,
                  | a +0 hand axe, a +0 helmet, a potion of brilliance, a +0
                  | leather armour.
     0 | D:1      | Reached XP level 1. HP: 13/13 MP: 1/1
   105 | D:1      | Found Xepu's Magic Scroll Boutique.
   158 | D:1      | Reached XP level 2. HP: 17/19 MP: 2/2
   191 | D:1      | Learned a level 1 spell: Necrotise
   547 | D:1      | Reached XP level 3. HP: 24/24 MP: 0/3
  1357 | D:1      | Bought 2 scrolls of identify for 56 gold pieces
  1828 | D:2      | Reached XP level 4. HP: 31/31 MP: 3/5
  1939 | D:2      | Reached skill level 1 in Spellcasting
  2197 | D:3      | Found a faded altar of an unknown god.
  2254 | D:3      | Prayed at the altar of an unknown god.
  2254 | D:3      | Became a worshipper of Jiyva Josiam the Shapeless
  2254 | D:3      | Reached * piety under Jiyva
  2255 | D:3      | Fell from the grace of Jiyva
  2385 | D:3      | Noticed Terence
  2408 | D:3      | Killed Terence
  2409 | D:3      | Reached skill level 1 in Armour
  2409 | D:3      | Reached XP level 5. HP: 36/36 MP: 6/6
  2433 | D:3      | Found a basalt altar of Yredelemnul.
  2434 | D:3      | Gained mutation: You occasionally lose the ability to drink
                  | potions when taking damage. [mutagenic glow]
  2483 | D:3      | Gained mutation: Your magical capacity is low. (-10% MP)
                  | [mutagenic glow]
  2492 | D:3      | Reached skill level 1 in Short Blades
  2690 | D:3      | Reached skill level 1 in Fighting
  2704 | D:3      | Lost mutation: You occasionally lose the ability to drink
                  | potions when taking damage. [potion of mutation]
  2704 | D:3      | Lost mutation: Your magical capacity is low. (-10% MP)
                  | [potion of mutation]
  2704 | D:3      | Gained mutation: You sometimes lose your temper in combat.
                  | [potion of mutation]
  2704 | D:3      | Lost mutation: You sometimes lose your temper in combat.
                  | [potion of mutation]
  2704 | D:3      | Gained mutation: You sometimes lose your temper in combat.
                  | [potion of mutation]
  2847 | D:3      | Succumbed to an orc wizard's poison

Illustrated notes

Levels and vault maps discovered:
D:1:      lordsloth_arrival_two_stooges, layout_loops_corners, serial_shops,
          shop, serial_forest, infiniplex_forest_zigzag_2,
          infiniplex_forest_clump_diagonal, infiniplex_forest_clump_small,
          infiniplex_forest_lined_corner, infiniplex_forest_lined_2
D:2:      layout_rooms, minivault_26, wander_ebering_terrifying_dragon_lair
D:3:      layout_basic, mainiacjoe_overflow_surrounded_room,
          shapermc_ecumenical_altar_acropolis, nicolae_titane, uniq_terence

Skill      XL: |  1  2  3  4  5 |
---------------+----------------+-----
Spellcasting   | 1 |  1.2
Armour         | 1 |  1.4
Short Blades   | 1 |  1.3
Fighting       | 1 |  1.0
Long Blades    | |  4.6
Axes           | |  2.0
Throwing       | |  0.3
Dodging        | |  3.5
Stealth        | |  1.5
Necromancy     | |  0.8

Action                     |  1- 3 |  4- 6 || total
---------------------------+-------+-------++-------
  Melee: Falchion          |   141 |       ||   141
         Dagger            |    19 |   141 ||   160
         Punch             |       |     3 ||     3
         Unarmed           |       |    10 ||    10
  Throw: Stone             |     7 |    10 ||    17
         Dart              |       |     1 ||     1
   Cast: Necrotise         |    11 |     5 ||    16
 Invoke: Renounce Religion |       |     1 ||     1
    Use: Potion            |     4 |     4 ||     8
         Scroll            |     4 |     5 ||     9
   Stab: Sleeping          |     4 |       ||     4
         Invisible         |       |     1 ||     1
 Armour: Leather armour    |    28 |    11 ||    39
         Ring mail         |       |    33 ||    33
  Dodge: Dodged            |    70 |    85 ||   155
